 Dungeon Crawl Stone Soup version 0.20.1-1-g8b1a95d (webtiles) character file.

179 slep the Slasher (level 5, -5/41 HPs)
             Began as a Demonspawn Gladiator on Nov 2, 2017.
             Slain by an orc
             ... wielding a +0 trident
              (6 damage)
             ... on level 4 of the Dungeon.
             The game lasted 00:09:52 (2108 turns).

slep the Slasher (Demonspawn Gladiator)             Turns: 2108, Time: 00:09:52

Health: -5/41      AC:  6    Str: 14    XL:     5   Next: 32%
Magic:  5/5        EV: 13    Int:  9    God:
Gold:   132        SH:  0    Dex: 16    Spells: 4/4 levels left

rFire    . . .     SeeInvis .   a - +0 long sword
rCold    + . .     Gourm    .   (no shield)
rNeg     . . .     Faith    .   e - +1 leather armour {rC+}
rPois    .         Spirit   .   c - +0 helmet
rElec    .         Reflect  .   l - +0 cloak
rCorr    .         Harm     .   (no gloves)
MR       .....                  (no boots)
Stlth    +.........             (no amulet)
Regen    0.2/turn               (no ring)
MPRegen  0.1/turn               (no ring)

@: no status effects
A: claws 1, rot immunity
a: no special abilities


You were on level 4 of the Dungeon.
You were not hungry.

You visited 1 branch of the dungeon, and saw 4 of its levels.

You collected 132 gold pieces.

Inventory:

Hand Weapons
 a - a +0 long sword (weapon)
 x - a +5 club
Missiles
 d - 3 throwing nets (quivered)
Armour
 b - a +0 leather armour
 c - a +0 helmet (worn)
 e - a +1 leather armour of cold resistance (worn)
 l - a +0 cloak (worn)
Jewellery
 p - an uncursed ring of ice
Wands
 v - a wand of iceblast (8/15)
Scrolls
 g - 7 scrolls of identify {unknown}
 h - 3 scrolls of enchant armour {unknown}
 i - a scroll of immolation {unknown}
 j - a scroll of magic mapping {unknown}
 k - a scroll of random uselessness {unknown}
 m - 3 scrolls of remove curse {unknown}
 s - a scroll of fear {unknown}
Potions
 n - a potion of curing {unknown}
 o - a potion of brilliance {unknown}
 t - 3 potions of haste {unknown}
 u - 2 potions of resistance {unknown}
 w - a potion of invisibility
 z - a potion of cancellation {unknown}
Comestibles
 f - 3 bread rations
 q - a meat ration
 r - 6 chunks of flesh


   Skills:
 + Level 3.0 Fighting
 + Level 4.1 Long Blades
 + Level 2.0 Throwing
 + Level 1.3 Armour
 + Level 3.3 Dodging
 + Level 0.4 Stealth


You had 4 spell levels left.
You didn't know any spells.

Dungeon Overview and Level Annotations

Branches:
Dungeon (4/15)
 Temple: D:4-7

Altars:


Innate Abilities, Weirdness & Mutations

You have sharp fingernails.
You are immune to rotting.


Message History

You now have 132 gold pieces (gained 12).
An orc and an orc priest come into view.
Found a trident.
Drop what? 25/52 slots (_ for help) (? for menu, Esc to quit)
Okay, then.
The orc shouts!
The orc priest shouts!
An orc comes into view. It is wielding a trident.
The orc shouts!
You closely miss the orc. The orc closely misses you.
You riposte.
You barely miss the orc. You closely miss the orc. The orc closely misses you.
You slash the orc!
You kill the orc!
The orc hits you from afar with a trident.
The orc hits you with a trident.
The orc priest calls down the wrath of Beogh upon you.
Beogh smites you!
* * * LOW HITPOINT WARNING * * *
You barely miss the orc. The orc hits you with a trident.
You die...

######### #.o.)..oo
#o####### ####### #@#
......# #.# #####.#
##.###### ..[.#.#
#.......# ###.#.#
#.......# ....#.#
#.......#
###[#.##########.######
...[....................
....#.###........######.


You could see an orc priest and an orc.

Vanquished Creatures
  Ijyb (D:4)
  An orc wizard (D:3)
  4 adders
  3 worms
  A dart slug (D:1)
  3 leopard geckos
  12 orcs
  3 giant cockroaches (D:1)
  9 goblins
  8 hobgoblins
  A quokka (D:3)
  7 bats
  4 frilled lizards
  5 kobolds
  6 rats
68 creatures vanquished.

Notes
Turn   | Place    | Note
-------+----------+-------------------------------------------
     0 | D:1      | slep the Demonspawn Gladiator began the quest for the Orb.
     0 | D:1      | Reached XP level 1. HP: 16/16 MP: 1/1
    97 | D:1      | Gained mutation: You are immune to rotting. [demonic ancestry]
    97 | D:1      | Reached XP level 2. HP: 9/22 MP: 2/2
   180 | D:1      | Reached skill level 3 in Long Blades
   511 | D:2      | Gained mutation: You have sharp fingernails. [demonic ancestry]
   511 | D:2      | Reached XP level 3. HP: 28/28 MP: 3/3
  1034 | D:3      | Reached XP level 4. HP: 34/34 MP: 4/4
  1443 | D:3      | Reached skill level 1 in Armour
  1844 | D:3      | Reached XP level 5. HP: 40/40 MP: 5/5
  1845 | D:3      | Reached skill level 4 in Long Blades
  2038 | D:4      | Noticed Ijyb
  2056 | D:4      | Killed Ijyb
  2107 | D:4      | HP: 1/41 [orc priest/divine providence (16)]
  2108 | D:4      | Slain by an orc

Skill      XL: |  1  2  3  4  5 |
---------------+----------------+-----
Throwing       | 2 |  2.0
Long Blades    | 3 4 |  4.1
Dodging        | 3 |  3.3
Armour         | 1 |  1.3
Fighting       | 3 |  3.0
Stealth        | |  0.4

Action                   |  1- 3 |  4- 6 || total
-------------------------+-------+-------++-------
Melee: Long sword        |    99 |   116 ||   215
  Eat: Chunk             |     1 |     3 ||     4
Armor: Leather armour    |    34 |    44 ||    78
Dodge: Dodged            |    86 |    55 ||   141
       Rpst.: Long sword |    24 |    17 ||    41
